 Dungeon Crawl Stone Soup version 0.28-a0-1435-g82390b3a13 (webtiles) character file.

Game seed: 7337900232615887884

821 Delamore the Slicer (level 7, -6/45 HPs)
             Began as an Octopode Brigand on Jan 9, 2022.
             Was an Initiate of Gozag.
             Mangled by a water moccasin (9 damage)
             ... on level 5 of the Dungeon.
             The game lasted 00:04:51 (4244 turns).

Delamore the Slicer (Octopode Brigand)              Turns: 4244, Time: 00:04:51

Health: -6/45      AC:  1    Str: 17    XL:     7   Next: 95%
Magic:  7/7        EV: 12    Int: 13    God:    Gozag
Gold:   146        SH:  0    Dex: 15    Spells: 6/6 levels left

rFire   . . .      SeeInvis .   a - +2 dagger
rCold   . . .      Faith    .   (no shield)
rNeg    . . .      Spirit   .   (helmet restricted)
rPois   .          Reflect  .   (no amulet)
rElec   .          Harm     .   i - +6 ring of strength
rCorr   .          Rampage  .   p - ring of wizardry
Will    .....                   (no ring)
Stlth   ++++......              (no ring)
HPRegen 0.15/turn               (no ring)
MPRegen 0.10/turn               (no ring)
                                (no ring)
                                (no ring)

@: lethally poisoned (-6 -> -13), hasted, very quick
A: almost no armour, amphibious, 8 rings, camouflage 1, gelatinous body 1,
(nimble swimmer 1), tentacles
a: Renounce Religion, Potion Petition, Call Merchant, Bribe Branch


You were on level 5 of the Dungeon.
You worshipped Gozag.
Gozag was aware of your devotion.
You visited 2 branches of the dungeon, and saw 6 of its levels.

You collected 203 gold pieces.
You paid 57 gold pieces to Gozag.

Inventory:

Hand Weapons
 a - a +2 dagger (weapon)
Missiles
 b - 17 poisoned darts (quivered)
 c - 2 curare-tipped darts
 g - 6 boomerangs
Jewellery
 i - a +6 ring of strength (left tentacle)
 p - a ring of wizardry (right tentacle)
Wands
 r - a wand of iceblast (23)
Scrolls
 e - a scroll of blinking {unknown}
 h - 5 scrolls of identify {unknown}
 j - a scroll of noise {unknown}
 l - a scroll of holy word {unknown}
 n - a scroll of brand weapon {unknown}
 o - 4 scrolls of amnesia {unknown}
 t - a scroll of enchant weapon {unknown}
 u - a scroll of silence {unknown}
 v - a scroll of immolation {unknown}
Potions
 d - 2 potions of haste
 f - a potion of attraction {unknown}
 k - 3 potions of flight {unknown}
 m - a potion of magic {unknown}
 q - a potion of heal wounds {unknown}
 s - a potion of might {unknown}
 w - a potion of lignification {unknown}


   Skills:
 - Level 2.0 Fighting
 + Level 8.1 Short Blades
 - Level 4.0 Throwing
 - Level 1.0 Dodging
 - Level 5.3 Stealth


You had 6 spell levels left.
You didn't know any spells.
Your spell library contained the following spells:

 Spells                   Type           Power      Damage    Failure   Level
 Slow                     Hex            0%         N/A       12%         1
 Passwall                 Tmut/Erth      0%         N/A       19%         2
 Confusing Touch          Hex            0%         N/A       34%         3
 Dazzling Flash           Conj/Hex       0%         N/A       34%         3
 Swiftness                Air            0%         N/A       34%         3
 Vampiric Draining        Necr           0%         2d6       34%         3
 Agony                    Necr           0%         N/A       96%         5
 Silence                  Hex/Air        0%         N/A       96%         5


Dungeon Overview and Level Annotations

Branches:
Dungeon (5/15)             Temple (1/1) D:5

Altars:
Dithmenos
Fedhas
Gozag
Kikubaaqudgha
Sif Muna
Trog
Vehumet
Zin


Innate Abilities, Weirdness & Mutations

You cannot wear most types of armour.
You are amphibious.
You can wear up to eight rings at the same time.
Your skin changes colour to match your surroundings (Stealth+).
Your rubbery body absorbs attacks. (AC +1, EV +1)
((You are camouflaged when in or above water. (Stealth+)))
You have tentacles for arms and can constrict up to eight enemies at once.


Message History

Found a stone staircase leading down.
You hit the water moccasin but do no damage.
You grab the water moccasin. You constrict the water moccasin.
The water moccasin bites you!
You are poisoned.
The water moccasin poisons you!
You hit the water moccasin but do no damage.
You squeeze the water moccasin.
The water moccasin is lightly wounded.
You constrict the water moccasin.
You feel sick. The water moccasin barely misses you.
You completely miss the water moccasin.
The water moccasin is lightly wounded.
You constrict the water moccasin.
You feel sick. The water moccasin barely misses you.
You hit the water moccasin.
The water moccasin is moderately wounded.
You constrict the water moccasin.
You feel sick. The water moccasin bites you.
You hit the water moccasin.
The water moccasin is heavily wounded.
You constrict the water moccasin.
You feel sick.
You hit the water moccasin.
The water moccasin is heavily wounded.
You constrict the water moccasin, but do no damage.
You feel sick. The water moccasin bites you.
You are more poisoned.
The water moccasin poisons you!
You completely miss the water moccasin. You squeeze the water moccasin.
The water moccasin is severely wounded.
You constrict the water moccasin.
You feel sick. The water moccasin bites you.
You release your grip on the water moccasin.
You feel very sick.
It was a potion of haste.
You feel yourself speed up.
You feel very sick. The water moccasin misses you.
The water moccasin bites you!
* * * LOW HITPOINT WARNING * * *
* * * LOW HITPOINT WARNING * * *
You feel sick. The water moccasin bites you!
You die...
Your body crumbles into a pile of gold.

#....# #.##.# ## #.##.# .
#..#.# .# ## ##.#.###. .
#.#.#.. .# #.#.#.###.####
######.####.#.#.#....[.#.
................@S.w....>
##########....#.#.#....#.
#........#.#.# #....
#.###....#.#.. ###
#......#.####
#.###+##.... #...........
###.........
#.##..>b......


You could see a water moccasin and a worm.

Vanquished Creatures
  Eustachio (D:5)
  A black bear (D:4)
  2 ogres (D:4)
  A necrophage (D:2)
  The ghost of paps the Covert, an amateur OpDe (D:5)
  A water moccasin skeleton (D:4)
  A hound (D:5)
  A centaur skeleton (D:5)
  6 adders
  2 worms
  2 dart slugs (D:3)
  6 orcs
  10 ball pythons
  6 endoplasms
  2 giant cockroaches (D:1)
  7 goblins
  9 hobgoblins
  6 jackals (D:2)
  6 kobolds
  2 quokkas (D:1)
  4 bats
  3 frilled lizards
  3 rats
83 creatures vanquished.

Notes
Turn   | Place    | Note
-------+----------+-------------------------------------------
     0 | D:1      | Delamore the Octopode Brigand began the quest for the Orb.
     0 | D:1      | Reached XP level 1. HP: 14/14 MP: 1/1
   179 | D:1      | Reached XP level 2. HP: 19/19 MP: 2/2
   567 | D:1      | Reached XP level 3. HP: 14/24 MP: 3/3
  1181 | D:2      | Reached skill level 3 in Short Blades
  1375 | D:2      | Reached XP level 4. HP: 29/29 MP: 4/4
  1544 | D:2      | Noticed a necrophage
  1556 | D:2      | Killed a necrophage
  1557 | D:2      | Reached XP level 5. HP: 25/34 MP: 5/5
  1665 | D:2      | Reached skill level 4 in Short Blades
  2250 | D:3      | Found a faded altar of an unknown god.
  2359 | D:3      | Found a faded altar of an unknown god.
  2359 | D:3      | Found a blossoming altar of Fedhas.
  2394 | D:3      | Found a radiant altar of Vehumet.
  2396 | D:3      | Found a shimmering blue altar of Sif Muna.
  2398 | D:3      | Found a shadowy altar of Dithmenos.
  2902 | D:4      | Reached skill level 5 in Short Blades
  2902 | D:4      | Reached XP level 6. HP: 24/39 MP: 6/6
  3526 | D:4      | Reached skill level 6 in Short Blades
  3526 | D:4      | Reached XP level 7. HP: 45/45 MP: 7/7
  3840 | D:5      | Entered Level 5 of the Dungeon
  3930 | D:5      | Found a runed translucent door.
  3931 | D:5      | Noticed paps's ghost (amateur OpDe)
  3949 | D:5      | Killed paps's ghost
  3950 | D:5      | Reached skill level 7 in Short Blades
  4039 | D:5      | Noticed Eustachio
  4046 | D:5      | Killed Eustachio
  4047 | D:5      | Reached skill level 8 in Short Blades
  4179 | D:5      | Found a staircase to the Ecumenical Temple.
  4189 | Temple   | Entered the Ecumenical Temple
  4194 | Temple   | Became a worshipper of Gozag Ym Sagoz the Greedy
  4244 | D:5      | Mangled by a water moccasin

Illustrated notes

Levels and vault maps discovered:
D:1:      sevenhm_arrival_forest_fort_large_2, layout_basic
D:2:      layout_basic, minivault_11, kennysheep_generic_room_13
D:3:      layout_loops_ring, chequers_temple_overflow_minitemple,
          dilly_ecumenical_altar_fadedgnrine
D:4:      layout_loops_ring
D:5:      layout_basic, minmay_temple_entry_butterflies,
          hellmonk_ghost_happy_afterlife, uniq_eustachio
Temple:   nicolae_temple_elliptical

Skill      XL: |  1  2  3  4  5  6  7 |
---------------+----------------------+-----
Throwing       | 3 4 |  4.0
Short Blades   | 3 5 6 8 |  8.1
Fighting       | |  2.0
Dodging        | |  1.0
Stealth        | |  5.3

Action                   |  1- 3 |  4- 6 |  7- 9 || total
-------------------------+-------+-------+-------++-------
Melee: Dagger            |    65 |    70 |    27 ||   162
       Tentacles         |    10 |    12 |     3 ||    25
       Constrict         |    12 |    18 |     2 ||    32
       Punch             |     1 |     3 |       ||     4
Throw: Boomerang         |       |     6 |       ||     6
       Dart              |       |     4 |       ||     4
  Use: Potion            |       |       |     1 ||     1
 Stab: Sleeping          |    14 |    10 |     6 ||    30
       Distracted        |       |       |     1 ||     1
Armor: Skin              |     5 |       |       ||     5
Dodge: Dodged            |    29 |    28 |    10 ||    67

Table legend: (Time is in decaauts)
 A = Elapsed time spent in this place.
 B = Non-inter-level travel time spent in this place.
 C = Inter-level travel time spent in this place.
 D = Time resting spent in this place.
 E = Time spent auto-exploring this place.
 F = Levels seen in this place.
 G = Mean time per level.
                   A        B        C        D        E       F      G
               +--------+--------+--------+--------+--------+-----+--------+
         Total |   4209 |   4090 |    119 |    181 |   3315 |   6 |  701.5 |
       Dungeon |   4198 |   4083 |    115 |    181 |   3315 |   5 |  839.6 |
        Temple |     10 |      6 |      4 |      0 |      0 |   1 |   10.0 |
               +--------+--------+--------+--------+--------+-----+--------+

Top non-repeatable levels by time:
     D:3: 1222 daAuts
     D:1: 893 daAuts
     D:2: 856 daAuts
     D:4: 842 daAuts
     D:5: 384 daAuts
  Temple: 10 daAuts
